 Dungeon Crawl Stone Soup version 0.19-a0-1740-g0bcaf2e (webtiles) character file.

252 4thArraOfDagon the Slasher (level 5, 23/63 HPs)
             Began as a Vampire Monk on Oct 2, 2016.
             Quit the game on level 5 of the Dungeon.
             The game lasted 00:05:15 (1059 turns).

4thArraOfDagon the Slasher (Vampire Monk)           Turns: 1059, Time: 00:05:16

Health: 23/63      AC: 22    Str: 10    XL:     5   Next: 89%
Magic:  5/5        EV:  2    Int: 19    God:
Gold:   63         SH:  0    Dex: 16    Spells: 1 memorised, 3 levels left

rFire  + . .     SeeInvis +     a - +0 falchion
rCold  + . .     Gourm    .     (armour currently unavailable)
rNeg   + + +     Faith    .     (no shield)
rPois  +         Spirit   .     (helmet currently unavailable)
rElec  +         Dismiss  .     (cloak currently unavailable)
rCorr  +         Reflect  .     (gloves currently unavailable)
MR     +....     Harm     .     (boots currently unavailable)
Stlth  +++....... NoTele   +    c - amulet of magic regeneration
                                o - ring of protection from magic
                                d - ring of flight

@: brilliant, tree-form, resistant, regenerating quickly
A: (fangs 0), see invisible, (unbreathing)
a: no special abilities


You were on level 5 of the Dungeon.
You were very full.
You were a tree.
You visited 1 branch of the dungeon, and saw 5 of its levels.

You collected 63 gold pieces.

Inventory:

Hand Weapons
 a - a +0 falchion (weapon)
Armour
 b - a +0 robe
 i - a +0 helmet (melded)
 l - a +0 scale mail (melded)
Jewellery
 c - an amulet of magic regeneration (around neck)
 d - a ring of flight (left branch)
 o - a ring of protection from magic (right branch)
Scrolls
 e - a scroll of recharging {unknown}
 g - a scroll of remove curse {unknown}
 h - a scroll of fear {unknown}
 j - a scroll of immolation {unknown}
 m - a scroll of enchant armour {unknown}
 n - a scroll of identify {unknown}
Potions
 f - 5 potions of blood
 k - a potion of resistance


   Skills:
 + Level 3.9 Fighting
 * Level 5.2 Long Blades
 + Level 4.4 Dodging
 - Level 3.0 Stealth


You had 3 spell levels left.
You knew the following spells:

 Your Spells              Type           Power        Failure   Level  Hunger
a - Apportation           Tloc           ##........   2%          1    ##.....


Dungeon Overview and Level Annotations

Branches:
Dungeon (5/15)
 Temple: D:4-7

Altars:
Xom

Annotations:
D:5 Grinder


Innate Abilities, Weirdness & Mutations

Your natural rate of healing is unusually fast.
((You have razor-sharp teeth.))
You have supernaturally acute eyesight. (SInv)
((You can survive without breathing.))


Message History

You closely miss the gnoll.
The gnoll is heavily wounded.
The gnoll hits you but does no damage. x2; Grinder blinks!
The gnoll hits you but does no damage.
Unknown command.
The centaur shouts!
You hit the gnoll.
The gnoll is almost dead.
The gnoll hits you but does no damage. x3
Unknown command.
It was a potion of brilliance.
You feel clever all of a sudden.
The gnoll hits you from afar with a halberd.
The gnoll hits you but does no damage. x2
Unknown command.
You hit the gnoll.
You kill the gnoll!
The gnoll hits you but does no damage. x2
Unknown command.
Are you sure you want to abandon this character and quit the game? (Confirm with "yes".)

#### ...# ...#
...# #######
...#########.gg.♣#
..........5...#'##
).............g_+
.............c#+#
...........<......
.................#
.............#####
#.############
#...


You could see Grinder, a centaur and 3 gnolls.

Vanquished Creatures
  A hound (D:4)
  Jessica (D:3)
  2 worker ants (D:4)
  Robin (D:3)
  4 adders
  A gnoll (D:5)
  A worm (D:4)
  9 dart slugs
  A leopard gecko (D:2)
  9 orcs
  3 bats
  10 goblins
  7 hobgoblins
  3 jackals (D:4)
  2 quokkas
  2 ball pythons
  4 frilled lizards
  3 kobolds (D:2)
64 creatures vanquished.

Notes
Turn   | Place    | Note
-------+----------+-------------------------------------------
     0 | D:1      | 4thArraOfDagon the Vampire Monk began the quest for the Orb.
     0 | D:1      | Reached XP level 1. HP: 17/17 MP: 1/1
   127 | D:2      | Reached XP level 2. HP: 15/24 MP: 2/2
   147 | D:3      | Noticed Robin
   274 | D:2      | Found a faded altar of an unknown god.
   318 | D:3      | Reached XP level 3. HP: 20/29 MP: 3/3
   345 | D:3      | Killed Robin
   453 | D:3      | Noticed Jessica
   462 | D:3      | Killed Jessica
   462 | D:3      | Reached skill level 4 in Long Blades
   462 | D:3      | Reached XP level 4. HP: 19/35 MP: 4/4
   545 | D:3      | Learned a level 1 spell: Apportation
   798 | D:4      | Reached XP level 5. HP: 22/42 MP: 5/5
   938 | D:4      | Reached skill level 5 in Long Blades
  1012 | D:5      | Entered Level 5 of the Dungeon
  1013 | D:5      | Noticed Grinder
  1015 | D:5      | Noticed a centaur
  1043 | D:5      | Found a shimmering altar of Xom.
  1059 | D:5      | Quit the game

Vault maps used:
D:1:      dpeg_arrival_another_circle
D:2:      ecumenical_altar_1, nicolae_ru_the_path_less_chosen, uniq_natasha
D:3:      kennysheep_slugbush, corexii_corridor_pit, uniq_robin, uniq_jessica
D:4:      serial_shops, nicolae_shop_stone, corexii_leaking_fountain,
          minivault_19, serial_park_tiny_1, serial_park_tiny_1,
          nemelex_spade_bored_becter, uniq_duvessa
D:5:      kennysheep_mini, led_sif_book, first_bread, uniq_grinder

Skill      XL: |  1  2  3  4  5 |
---------------+----------------+-----
Fighting       | 3 |  3.9
Long Blades    | 4 5 |  5.2
Dodging        | 4 |  4.4
Stealth        | |  3.0

Action                   |  1- 3 |  4- 6 || total
-------------------------+-------+-------++-------
Melee: Falchion          |   107 |   206 ||   313
       Bite              |    12 |    24 ||    36
  Use: Potion            |     1 |     9 ||    10
 Stab: Sleeping          |     3 |       ||     3
  Eat: Corpse            |     7 |       ||     7
Armor: Robe              |     9 |     9 ||    18
       Scale mail        |       |    66 ||    66
       Skin              |       |    26 ||    26
Dodge: Dodged            |    73 |   111 ||   184
